 Dungeon Sprint DCSS version 0.17.0-24-gcfadda4 (webtiles) character file.

9986 George the Brawler (level 11, -5/115 HPs)
             Began as a Troll Berserker on Nov 15, 2015.
             Was the Champion of Trog.
             Slain by a 12-headed hydra (12 damage)
             ... while paralysed by a giant eyeball
             ... in the Dungeon (Sprint I: "Red Sonja").
             The game lasted 00:12:49 (1561 turns).

George the Brawler (Troll Berserker)                Turns: 1561, Time: 00:12:49

Health: -5/115     AC: 10    Str: 30    XL:     11   Next: 30%
Magic:  10/10      EV:  1    Int:  3    God:    Trog [******]
Gold:   1963       SH:  0    Dex:  9    Spells: 0 memorised, 10 levels left

rFire  . . .     SeeInvis .     l - +2 dire flail (protect)
rCold  . . .     Clarity  .     k - troll hide
rNeg   . . .     SustAt   .     (shield currently unavailable)
rPois  .         Gourm    +     (helmet restricted)
rElec  .         Spirit   .     (no cloak)
rCorr  .         Warding  .     (gloves unavailable)
rMut   .         NoTele   +     (boots unavailable)
MR     .....                    (no amulet)
Stlth  +.........               (no ring)
                                (no ring)

@: paralysed, not resistant to hostile enchantments, very unstealthy
A: unfitting armour, claws 3, fast metabolism 3, frail 1, gourmand, regeneration
2, shaggy fur 1, tough skin 2
a: Berserk, Trog's Hand, Brothers in Arms, Burn Spellbooks, Renounce Religion


You were in the Dungeon.
You worshipped Trog.
Trog was exalted by your worship.
You were completely stuffed.

You visited 1 branch You collected 1963 gold pieces.

Inventory:

Hand Weapons
 l - a +2 dire flail of protection (weapon)
Missiles
 o - 5 javelins of returning (quivered)
Armour
 k - a troll hide (worn)
Wands
 i - a wand of enslavement (7)
Scrolls
 h - a scroll of blinking
Potions
 c - 4 potions of curing
 e - a potion of haste
 f - 2 potions of magic
 g - a potion of berserk rage
 p - a potion of ambrosia
Miscellaneous
 m - a stone of tremors
 n - a plain deck of changes
Comestibles
 b - a bread ration
 q - 9 chunks of flesh


   Skills:
 + Level 13.6 Fighting
 + Level 13.6 Dodging
 + Level 15.8 Unarmed Combat


You had 10 spell levels left.
You didn't know any spells.

Dungeon Overview and Level Annotations

Branches:
Dungeon (1/1)

Altars:
Cheibriados
Dithmenos
Elyvilon
Fedhas
Gozag
Kikubaaqudgha
Makhleb
Nemelex Xobeh
Okawaru
Qazlal
Ru
Sif Muna
Trog
Vehumet
Xom
Yredelemnul
Zin
The Shining One
Jiyva

Shops:
D }:[


Innate Abilities, Weirdness & Mutations

You are too large for most types of armour.
You have claws for hands.
Your metabolism is lightning-fast.
You like to eat raw meat.
You heal very quickly.
You are covered in fur (AC +1).
You have very tough skin (AC +2).
You are frail (-10% HP).


Message History

You suddenly lose the ability to move!
The 12-headed hydra bites you. The 12-headed hydra bites you.
The 12-headed hydra bites you but does no damage. x3
The 12-headed hydra barely misses you.
The 12-headed hydra bites you but does no damage.
The 12-headed hydra bites you. The 12-headed hydra bites you!
The 12-headed hydra bites you! The 12-headed hydra bites you.
The 12-headed hydra bites you!
The 12-headed hydra bites you but does no damage.
The 12-headed hydra bites you!
* * * LOW HITPOINT WARNING * * *
The 12-headed hydra bites you!
* * * LOW HITPOINT WARNING * * *
The 12-headed hydra bites you!
* * * LOW HITPOINT WARNING * * *
The 12-headed hydra bites you.
* * * LOW HITPOINT WARNING * * *
The 12-headed hydra bites you but does no damage.
The 12-headed hydra bites you!
You die...

#####################
..#..#§§§§§§§.§§@DG$#
..##'#§####§§§§§##$.+
..†.§#.# ##§§§## ##
###.)§.# ###+#
.##+#### #§# .#...^.#
#..###$# .#.§^..+
##.#A#$# '###§..#
.###$# .'.#§§.#
##..$#


You could see a 12-headed hydra and a giant eyeball.

Vanquished Creatures
  2 centaur warriors (D)
  Sonja (D)
  2 unseen horrors (D)
  A deep troll (D)
  A lindwurm (D)
  An oklob plant (D)
  A gargoyle (D)
  2 kobold demonologists (D)
  4 demonic crawlers (D)
  A slime creature (D)
  4 trapdoor spiders (D)
  A yak (D)
  13 hogs (D)
  Sigmund (D)
  An ogre (D)
  A wasp (D)
  7 necrophages (D)
  8 jellies (D)
  Ijyb (D)
  2 giant eyeballs (D)
  2 ballistomycetes (D)
57 creatures vanquished.

Vanquished Creatures (others)
  2 giant spores (D)
2 creatures vanquished.

Grand Total: 59 creatures vanquished

Notes
Turn   | Place    | Note
--------------------------------------------------------------
     0 | D        | George the Troll Berserker began the quest for the Orb.
     0 | D        | Reached XP level 1. HP: 22/22 MP: 0/0
     1 | D        | Noticed Ijyb
    12 | D        | Killed Ijyb
    12 | D        | Reached skill level 4 in Unarmed Combat
    12 | D        | Reached XP level 2. HP: 29/31 MP: 1/1
    24 | D        | Noticed an ogre
    34 | D        | Killed an ogre
    34 | D        | Reached ** piety under Trog
    34 | D        | Reached skill level 5 in Fighting
    34 | D        | Reached skill level 5 in Dodging
    34 | D        | Reached skill level 6 in Unarmed Combat
    34 | D        | Reached XP level 3. HP: 13/42 MP: 2/2
    34 | D        | Reached XP level 4. HP: 15/50 MP: 3/3
   105 | D        | Noticed Sigmund
   110 | D        | Killed Sigmund
   110 | D        | Reached skill level 7 in Unarmed Combat
   110 | D        | Reached XP level 5. HP: 57/61 MP: 4/4
   110 | D        | Reached XP level 6. HP: 63/68 MP: 5/5
   132 | D        | Found a deep blue altar of Sif Muna.
   133 | D        | Noticed a jelly
   134 | D        | Found a radiant altar of Vehumet.
   138 | D        | Killed a jelly
   138 | D        | Reached skill level 8 in Unarmed Combat
   169 | D        | Found Emileihe's Book Emporium.
   169 | D        | Found a white marble altar of Elyvilon.
   169 | D        | Found a stormy altar of Qazlal.
   169 | D        | Found a burning altar of Makhleb.
   169 | D        | Found a sacrificial altar of Ru.
   169 | D        | Found a basalt altar of Yredelemnul.
   169 | D        | Found a glowing golden altar of the Shining One.
   169 | D        | Found a sparkling altar of Nemelex Xobeh.
   169 | D        | Found a shimmering altar of Xom.
   169 | D        | Found an opulent altar of Gozag.
   169 | D        | Found an ancient bone altar of Kikubaaqudgha.
   169 | D        | Found a glowing silver altar of Zin.
   169 | D        | Noticed a yak
   173 | D        | Killed a yak
   173 | D        | Reached *** piety under Trog
   173 | D        | Reached skill level 9 in Unarmed Combat
   174 | D        | Found an iron altar of Okawaru.
   180 | D        | Found a bloodstained altar of Trog.
   195 | D        | Noticed a centaur warrior
   195 | D        | Noticed a centaur warrior
   205 | D        | Killed a centaur warrior
   205 | D        | Reached skill level 10 in Unarmed Combat
   205 | D        | Reached XP level 7. HP: 55/83 MP: 6/6
   205 | D        | Reached XP level 8. HP: 61/92 MP: 7/7
   210 | D        | Killed a centaur warrior
   210 | D        | Reached skill level 10 in Dodging
   210 | D        | Reached skill level 11 in Unarmed Combat
   303 | D        | Noticed a deep troll
   307 | D        | Killed a deep troll
   307 | D        | Reached skill level 10 in Fighting
   307 | D        | Reached skill level 12 in Unarmed Combat
   307 | D        | Reached XP level 9. HP: 102/102 MP: 8/8
   365 | D        | Found Patz's Armour Emporium.
   379 | D        | Noticed a wasp
   382 | D        | Killed a wasp
   382 | D        | Reached **** piety under Trog
   402 | D        | Noticed an oklob plant
   408 | D        | Killed an oklob plant
   473 | D        | Noticed a trapdoor spider
   475 | D        | Noticed a trapdoor spider
   479 | D        | Killed a trapdoor spider
   604 | D        | Noticed a trapdoor spider
   608 | D        | Killed a trapdoor spider
   648 | D        | Noticed a trapdoor spider
   654 | D        | Killed a trapdoor spider
   654 | D        | Reached ***** piety under Trog
   654 | D        | Reached skill level 13 in Unarmed Combat
   658 | D        | Killed a trapdoor spider
   731 | D        | Killed an unseen horror
   731 | D        | Reached XP level 10. HP: 104/114 MP: 9/9
   737 | D        | Killed an unseen horror
   737 | D        | Received a gift from Trog
   772 | D        | Noticed a jelly
   772 | D        | Noticed a jelly
   774 | D        | Noticed a jelly
   775 | D        | Noticed a jelly
   775 | D        | Noticed a jelly
   775 | D        | Noticed a jelly
   775 | D        | Noticed a jelly
   781 | D        | Killed a jelly
   783 | D        | Killed a jelly
   784 | D        | Killed a jelly
   788 | D        | Killed a jelly
   789 | D        | Killed a jelly
   796 | D        | Killed a jelly
   797 | D        | Killed a jelly
   807 | D        | Noticed a necrophage
   819 | D        | Killed a necrophage
   823 | D        | Noticed a necrophage
   823 | D        | Noticed a necrophage
   836 | D        | Killed a necrophage
   836 | D        | Reached skill level 14 in Unarmed Combat
   839 | D        | Killed a necrophage
   844 | D        | Noticed a necrophage
   844 | D        | Noticed a necrophage
   855 | D        | Killed a necrophage
   864 | D        | Killed a necrophage
   870 | D        | Noticed a necrophage
   870 | D        | Noticed a necrophage
   884 | D        | Killed a necrophage
   885 | D        | Killed a necrophage
   942 | D        | Noticed Sonja
   946 | D        | Killed Sonja
   946 | D        | Received a gift from Trog
   995 | D        | Found Qirphotz's Gadget Boutique.
  1085 | D        | Noticed a shining eye
  1085 | D        | Noticed a shining eye
  1085 | D        | Noticed a shining eye
  1085 | D        | Gained mutation: You are frail (-10% HP). [a shining eye]
  1107 | D        | Found a viscous altar of Jiyva.
  1107 | D        | Found a blossoming altar of Fedhas.
  1107 | D        | Noticed a slime creature
  1108 | D        | Found a snail-covered altar of Cheibriados.
  1108 | D        | Found a shadowy altar of Dithmenos.
  1111 | D        | Killed a slime creature
  1126 | D        | Noticed a kobold demonologist
  1127 | D        | Noticed a kobold demonologist
  1128 | D        | Paralysed by a giant eyeball for 2 turns
  1134 | D        | Killed a kobold demonologist
  1134 | D        | Reached ****** piety under Trog
  1134 | D        | Received a gift from Trog
  1139 | D        | Killed a kobold demonologist
  1181 | D        | Noticed a demonic crawler
  1181 | D        | Noticed a demonic crawler
  1181 | D        | Noticed a demonic crawler
  1181 | D        | Noticed a demonic crawler
  1186 | D        | Killed a demonic crawler
  1194 | D        | Killed a demonic crawler
  1199 | D        | HP: 5/106 [demonic crawler (12)]
  1224 | D        | Killed a demonic crawler
  1224 | D        | Reached skill level 15 in Unarmed Combat
  1226 | D        | Killed a demonic crawler
  1336 | D        | Noticed a lindwurm
  1342 | D        | Killed a lindwurm
  1342 | D        | Received a gift from Trog
  1342 | D        | Reached XP level 11. HP: 62/114 MP: 10/10
  1401 | D        | Noticed a gargoyle
  1423 | D        | Killed a gargoyle
  1455 | D        | Noticed a hog
  1455 | D        | Noticed a hog
  1455 | D        | Noticed a hog
  1455 | D        | Noticed a hog
  1455 | D        | Noticed a hog
  1455 | D        | Noticed a hog
  1458 | D        | Killed a hog
  1459 | D        | Noticed a hog
  1460 | D        | Noticed a hog
  1460 | D        | Noticed a hog
  1460 | D        | Killed a hog
  1462 | D        | Killed a hog
  1464 | D        | Killed a hog
  1465 | D        | Killed a hog
  1465 | D        | Received a gift from Trog
  1467 | D        | Noticed a hog
  1468 | D        | Killed a hog
  1470 | D        | Killed a hog
  1471 | D        | Noticed a hog
  1471 | D        | Killed a hog
  1473 | D        | Killed a hog
  1475 | D        | Noticed a hog
  1476 | D        | Killed a hog
  1481 | D        | Killed a hog
  1483 | D        | Killed a hog
  1483 | D        | Received a gift from Trog
  1508 | D        | Noticed a hog
  1519 | D        | Killed a hog
  1549 | D        | Noticed a daeva
  1558 | D        | Noticed a 12-headed hydra
  1560 | D        | Paralysed by a giant eyeball for 2 turns
  1561 | D        | Slain by a 12-headed hydra

Action                   |  1- 3 |  4- 6 |  7- 9 | 10-12 || total
-------------------------+-------+-------+-------+-------++-------
Melee: Unarmed           |    20 |    18 |    37 |   130 ||   205
       Dire flail        |       |       |       |     1 ||     1
Invok: Berserk           |       |     1 |     2 |     2 ||     5
       Trog's Hand       |       |       |     1 |     2 ||     3
  Use: Scroll            |       |       |     1 |     1 ||     2
       Potion            |       |       |       |     4 ||     4
  Eat: Chunk             |     2 |     5 |     6 |    10 ||    23
       Bread ration      |       |       |       |     1 ||     1
